 Dungeon Crawl Stone Soup version 0.24-a0-251-g44e327e (webtiles) character file.

Game seed: 14016334691335608924

1016 Ijustatesigmund the Chopper (level 8, 0/56 HPs)
             Began as an Octopode Fighter on Apr 16, 2019.
             Slain by a centaur (2 damage)
             ... on level 5 of the Dungeon.
             The game lasted 00:07:01 (4498 turns).

Ijustatesigmund the Chopper (Octopode Fighter)      Turns: 4498, Time: 00:07:02

Health: 0/56       AC:  1    Str: 15    XL:     8   Next: 21%
Magic:  8/8        EV: 13    Int: 11    God:
Gold:   226        SH:  9    Dex: 13    Spells: 7/7 levels left

rFire    . . .     SeeInvis .   a - +1 war axe
rCold    . . .     Gourm    .   b - +0 shield
rNeg     . . .     Faith    .   (helmet restricted)
rPois    .         Spirit   .   (no amulet)
rElec    .         Reflect  .   (no ring)
rCorr    .         Harm     .   (no ring)
MR       .....                  (no ring)
Stlth    ++........             (no ring)
HPRegen  0.18/turn              (no ring)
MPRegen  0.11/turn              (no ring)
                                (no ring)
                                (no ring)

@: lethally poisoned (0 -> -1), invisible
A: almost no armour, stealthy swim, amphibious, 8 rings, constrict 8, camouflage
1, gelatinous body 1
a: no special abilities


You were on level 5 of the Dungeon.
You were not hungry.

You visited 1 branch of the dungeon, and saw 5 of its levels.

You collected 226 gold pieces.

Inventory:

Hand Weapons
 a - a +1 war axe (weapon)
Armour
 b - a +0 shield (worn)
Jewellery
 l - a cursed -3 ring of evasion {unknown}
Scrolls
 c - 4 scrolls of identify
 g - 2 scrolls of magic mapping
 i - a scroll of blinking {unknown}
 k - 2 scrolls of fear
Potions
 e - a potion of resistance
 f - 3 potions of flight
 j - 2 potions of curing
 m - a potion of ambrosia
Comestibles
 d - 9 rations
 o - 2 chunks of flesh


   Skills:
 + Level 5.6 Fighting
 + Level 5.8 Axes
 + Level 5.0 Dodging
 + Level 5.0 Shields


You had 7 spell levels left.
You didn't know any spells.
Your spell library was empty.

Dungeon Overview and Level Annotations

Branches:
Dungeon (5/15)
 Temple: D:4-7

Altars:
Kikubaaqudgha
Okawaru
Qazlal
Uskayaw
Vehumet
The Shining One

Annotations:
D:5 Blork the orc


Innate Abilities, Weirdness & Mutations

You cannot wear most types of armour.
You are very stealthy in the water. (Stealth+)
You are amphibious.
You can wear up to eight rings at the same time.
You can use your tentacles to constrict eight enemies at once.
Your skin changes colour to match your surroundings (Stealth+).
Your rubbery body absorbs attacks. (AC +1, EV +1)


Message History

Blork the orc is severely wounded.
You hit the centaur. You constrict Blork the orc.
The centaur barely misses you. The centaur hits you.
* * * LOW HITPOINT WARNING * * *
Blork the orc looks angry.
Blork the orc casts a spell at you. The magic dart hits you!
* * * LOW HITPOINT WARNING * * *
You barely miss the centaur.
The centaur is almost dead.
You hit Blork the orc but do no damage. You constrict Blork the orc.
You block the centaur's attack. Blork the orc closely misses you.
The centaur hits you.
* * * LOW HITPOINT WARNING * * *
It was a potion of invisibility.
You fade into invisibility!
You constrict Blork the orc.
* * * LOW HITPOINT WARNING * * *
You feel sick. The centaur hits you.
You die...

.# #.# ###..# ..
#.# ##.# ..#
#.######### ...
#.#..<.....
>....####.#........
.................
.....####..!.....
.... ##.o.<.... ...
#†@5...... ..
#....c...... .
.....##........
...## ######### ..
.


You could see Blork the orc, a centaur and a crimson imp.

Vanquished Creatures
  2 ogres
  2 phantoms (D:4)
  A centaur (D:5)
  A crimson imp (D:5)
  An orc priest (D:4)
  4 hounds
  2 bullfrog skeletons
  An orc wizard (D:4)
  Jessica (D:3)
  3 worker ants
  5 gnolls (D:4)
  7 adders
  An ooze (D:1)
  An adder skeleton (D:3)
  2 worms
  4 leopard geckos
  11 orcs
  8 bats
  5 giant cockroaches
  14 goblins
  10 hobgoblins
  8 jackals
  8 kobolds
  A ball python (D:1)
  7 frilled lizards
  5 rats
115 creatures vanquished.

Notes
Turn   | Place    | Note
-------+----------+-------------------------------------------
     0 | D:1      | Ijustatesigmund the Octopode Fighter began the quest for
                  | the Orb.
     0 | D:1      | Reached XP level 1. HP: 16/16 MP: 1/1
    86 | D:1      | Reached XP level 2. HP: 16/21 MP: 2/2
   442 | D:2      | Reached XP level 3. HP: 21/26 MP: 3/3
   585 | D:2      | Noticed a +0 dagger
   585 | D:2      | Noticed a +0 dagger
   798 | D:2      | Found an iron altar of Okawaru.
   799 | D:2      | Found a glowing golden altar of the Shining One.
   806 | D:2      | Found a hide-covered altar of Uskayaw.
   830 | D:2      | Reached XP level 4. HP: 27/32 MP: 4/4
   840 | D:2      | Found an ancient bone altar of Kikubaaqudgha.
  1223 | D:3      | Reached XP level 5. HP: 35/37 MP: 5/5
  1274 | D:3      | Noticed Jessica
  1278 | D:3      | Killed Jessica
  1428 | D:3      | Found a radiant altar of Vehumet.
  1677 | D:3      | Found a stormy altar of Qazlal.
  1920 | D:4      | Noticed an ogre
  1929 | D:4      | Killed an ogre
  1929 | D:4      | Reached XP level 6. HP: 44/44 MP: 6/6
  2496 | D:4      | Noticed a phantom
  2523 | D:4      | Killed a phantom
  2523 | D:4      | Reached skill level 5 in Axes
  2523 | D:4      | Reached XP level 7. HP: 35/49 MP: 7/7
  2839 | D:4      | Reached skill level 5 in Fighting
  3387 | D:4      | Found an iron altar of Okawaru.
  4001 | D:5      | Entered Level 5 of the Dungeon
  4019 | D:5      | Reached XP level 8. HP: 14/55 MP: 8/8
  4485 | D:5      | Noticed Blork the orc
  4494 | D:5      | Reached skill level 5 in Dodging
  4494 | D:5      | Reached skill level 5 in Shields
  4498 | D:5      | HP: 2/56 [poisoned by a worker ant]
  4498 | D:5      | Slain by a centaur

Levels and vault maps discovered:
D:1:      ncdulo_wetmaze, layout_rooms
D:2:      layout_basic, dancing_weapons_uskayaw, grunt_temple_overflow_open,
          first_ration, nrook_mini_vaults
D:3:      layout_loops_ring, nicolae_overflow_crystal_walls, lemuel_round_altar,
          minmay_goblin_outpost, uniq_jessica
D:4:      layout_basic, okawaru_altar_gauntlet_db
D:5:      layout_rooms, hangedman_glass_teeth, uniq_blork_the_orc, uniq_menkaure

Skill      XL: |  1  2  3  4  5  6  7  8 |
---------------+-------------------------+-----
Axes           | 3 4 5 |  5.8
Fighting       | 4 5 |  5.6
Dodging        | 4 5 |  5.0
Shields        | 4 5 |  5.0

Action                   |  1- 3 |  4- 6 |  7- 9 || total
-------------------------+-------+-------+-------++-------
Melee: War axe           |    47 |   123 |    92 ||   262
       Constrict         |    13 |    29 |    20 ||    62
       Tentacles         |     3 |    22 |    15 ||    40
  Use: Scroll            |       |    10 |     2 ||    12
       Potion            |       |     2 |     1 ||     3
 Stab: Sleeping          |     4 |    11 |     4 ||    19
  Eat: Chunk             |       |     5 |     3 ||     8
       Ration            |       |       |     1 ||     1
Armor: Skin              |     5 |     9 |     1 ||    15
Dodge: Dodged            |    14 |    58 |    50 ||   122
Block: Shield            |    24 |    44 |    43 ||   111

Table legend:
 A = Non-vault XP
 B = Vault XP
 C = Vault XP percentage of total XP
 D = Non-vault monster count
 E = Vault monster count
 F = Vault count percentage of total count
                 A         B        C        D         E       F
            +---------+---------+-------+---------+---------+-------
      Total |    1376 |      76 |   5.2 |      99 |      16 |  13.9
            +---------+---------+-------+---------+---------+-------
        D:1 |      29 |       0 |   0.0 |      14 |       0 |   0.0
        D:2 |      56 |       0 |   0.0 |      13 |       0 |   0.0
        D:3 |     151 |      54 |  26.3 |      36 |      10 |  21.7
        D:4 |     780 |      22 |   2.7 |      28 |       6 |  17.6
        D:5 |     360 |       0 |   0.0 |       8 |       0 |   0.0
            +---------+---------+-------+---------+---------+-------
